 Dungeon Crawl Stone Soup version 0.25-a0-167-g836c352ace (webtiles) character file.

Game seed: 6057413958382542328, levelgen mode: deterministic

1960 Lanoc the Carver (level 9, -2/62 HPs)
             Began as an Octopode Berserker on Nov 25, 2019.
             Was an Elder of Trog.
             Slain by an unseen horror (11 damage)
             ... on level 7 of the Dungeon.
             The game lasted 00:10:34 (6347 turns).

Lanoc the Carver (Octopode Berserker)               Turns: 6347, Time: 00:10:35

Health: -2/62      AC:  1    Str: 16    XL:     9   Next: 19%
Magic:  9/9        EV: 16    Int: 13    God:    Trog [****..]
Gold:   32         SH:  5    Dex: 14    Spells: 8/8 levels left

rFire    + . .     SeeInvis .   a - +0 falchion
rCold    + . .     Gourm    .   l - +0 buckler
rNeg     . . .     Faith    .   d - +0 hat {Int+3}
rPois    +         Spirit   .   (no amulet)
rElec    .         Reflect  .   j - ring of protection from cold
rCorr    .         Harm     .   u - ring of poison resistance
MR       ++...                  y - ring of protection from fire
Stlth    ++........             (no ring)
HPRegen  1.20/turn              (no ring)
MPRegen  0.11/turn              (no ring)
                                (no ring)
                                (no ring)

@: regenerating
A: almost no armour, stealthy swim, amphibious, 8 rings, constrict 8, camouflage
1, gelatinous body 1
a: Berserk, Trog's Hand, Brothers in Arms, Renounce Religion


You were on level 7 of the Dungeon.
You worshipped Trog.
Trog was greatly pleased with you.
You were hungry.

You visited 2 branches of the dungeon, and saw 8 of its levels.

You collected 312 gold pieces.
You spent 280 gold pieces at shops.

Inventory:

Hand Weapons
 a - a +0 falchion (weapon)
 p - a +0 hunting sling
Missiles
 g - 239 stones (quivered)
 o - 43 sling bullets
 A - 8 atropa-tipped darts
 D - 3 throwing nets
Armour
 d - a +0 hat of intelligence (worn)
 l - a +0 buckler (worn)
 m - a +0 shield
Jewellery
 j - a ring of protection from cold (left tentacle)
 u - a ring of poison resistance (right tentacle)
 y - a ring of protection from fire (on tentacle)
Wands
 t - a wand of flame (13)
 v - a wand of paralysis (8)
Scrolls
 c - 2 scrolls of enchant armour {unknown}
 f - a scroll of random uselessness {unknown}
 i - 8 scrolls of remove curse {unknown}
 k - 2 scrolls of fog {unknown}
 r - 2 scrolls of blinking {unknown}
 s - 4 scrolls of teleportation {unknown}
 w - a scroll of magic mapping {unknown}
 x - a scroll of amnesia {unknown}
 E - 3 scrolls of enchant weapon {unknown}
Potions
 e - a potion of berserk rage {unknown}
 h - 4 potions of curing
 n - 2 potions of cancellation
 q - 2 potions of brilliance
 z - a potion of invisibility
 B - a potion of lignification
 C - a potion of flight {unknown}
 F - 2 potions of haste
 G - 3 potions of agility {unknown}
 H - a potion of might
 I - a potion of heal wounds
Comestibles
 b - 11 rations
 J - 3 chunks of flesh


   Skills:
 + Level 6.2 Fighting
 * Level 8.3 Long Blades
 + Level 6.2 Dodging
 - Level 4.0 Shields


You had 8 spell levels left.
You didn't know any spells.
Your spell library was empty.

Dungeon Overview and Level Annotations

Branches:
Dungeon (7/15)             Temple (1/1) D:7

Altars:
Cheibriados
Gozag
Nemelex Xobeh
Sif Muna
Uskayaw
Wu Jian
Yredelemnul
Zin

Shops:
D:6 !


Innate Abilities, Weirdness & Mutations

You cannot wear most types of armour.
You are very stealthy in the water. (Stealth+)
You are amphibious.
You can wear up to eight rings at the same time.
You can use your tentacles to constrict eight enemies at once.
Your skin changes colour to match your surroundings (Stealth+).
Your rubbery body absorbs attacks. (AC +1, EV +1)


Message History

You constrict the orc.
You kill the orc!
Trog accepts your kill. Something hits you! Something hits you.
You are too injured to fight recklessly!
Something hits you!
* * * LOW HITPOINT WARNING * * *
You feel much better.
Something hits you! x2; Something barely misses you.
Something hits you!
* * * LOW HITPOINT WARNING * * *
Something hits you.
* * * LOW HITPOINT WARNING * * *
Your ogre goes berserk!
You are feeling hungry.
Something hits you.
* * * LOW HITPOINT WARNING * * *
Your skin crawls.
You feel resistant to hostile enchantments.
You feel somewhat more hungry. Something hits you!
You die...

#....#.................
#.......>.............
####..............#.....
#......................#
##.........<.............
##............##..........
#....#........#..........#
#........###..##..))...[..
รท..##..#####..#.@..).8.8..
....#...###...<...........
.........###...O....#..8.#
#####...........#.#.....#.
####..........#...#.....#
##...........##.#.......#
...##..>....######.......
....##......## #.#......
....#........##... ..


You could see a friendly ogre (berserk).

Vanquished Creatures
  A sky beast (D:5)
  A necrophage (D:6)
  An ice beast (D:6)
  2 ogres
  3 centaurs
  2 scorpions
  3 killer bees (D:7)
  2 crimson imps
  A quasit (D:6)
  4 orc priests
  5 hounds
  A bullfrog skeleton (D:7)
  3 centaur skeletons
  Jessica (D:2)
  4 worker ants
  An iguana (D:6)
  3 orc wizards
  A hound zombie (D:6)
  3 hound skeletons
  Robin (D:2)
  8 gnolls
  8 adders
  An ooze (D:3)
  2 adder skeletons
  A worm (D:2)
  2 dart slugs (D:2)
  A leopard gecko (D:3)
  26 orcs
  9 bats
  2 giant cockroaches (D:4)
  15 goblins
  6 hobgoblins
  11 jackals
  4 kobolds
  3 quokkas
  A ball python (D:5)
  2 frilled lizards
  A jackal skeleton (D:3)
  A quokka zombie (D:5)
  7 rats
154 creatures vanquished.

Notes
Turn   | Place    | Note
-------+----------+-------------------------------------------
     0 | D:1      | Lanoc the Octopode Berserker began the quest for the Orb.
     0 | D:1      | Reached XP level 1. HP: 16/16 MP: 1/1
   119 | D:1      | Reached XP level 2. HP: 18/21 MP: 2/2
   489 | D:1      | Found a sparkling altar of Nemelex Xobeh.
   606 | D:2      | Reached XP level 3. HP: 19/26 MP: 3/3
   611 | D:2      | Reached ** piety under Trog
   899 | D:2      | Reached XP level 4. HP: 23/31 MP: 4/4
  1006 | D:2      | Reached skill level 1 in Shields
  1012 | D:2      | Reached skill level 4 in Long Blades
  1093 | D:2      | Noticed Robin
  1109 | D:2      | Killed Robin
  1332 | D:2      | Noticed Jessica
  1341 | D:2      | Killed Jessica
  1341 | D:2      | Reached XP level 5. HP: 3/37 MP: 5/5
  1815 | D:3      | Reached XP level 6. HP: 26/43 MP: 6/6
  2053 | D:3      | Reached *** piety under Trog
  2163 | D:3      | Reached skill level 5 in Long Blades
  2978 | D:4      | Found an ornate altar of the Wu Jian Council.
  2990 | D:4      | Reached XP level 7. HP: 45/49 MP: 7/7
  3806 | D:5      | Entered Level 5 of the Dungeon
  3898 | D:5      | Reached skill level 6 in Long Blades
  4091 | D:5      | Found a glowing silver altar of Zin.
  4100 | D:5      | Reached XP level 8. HP: 54/54 MP: 8/8
  4142 | D:5      | Reached skill level 5 in Fighting
  4147 | D:5      | Reached skill level 5 in Dodging
  4562 | D:5      | Found a basalt altar of Yredelemnul.
  4562 | D:5      | Found a snail-covered altar of Cheibriados.
  4607 | D:5      | Found an opulent altar of Gozag.
  4607 | D:5      | Found a sparkling altar of Nemelex Xobeh.
  5017 | D:6      | Reached **** piety under Trog
  5017 | D:6      | Reached skill level 7 in Long Blades
  5033 | D:6      | HP: 2/56 [centaur (8)]
  5745 | D:6      | Found Raatteil's Distillery.
  5750 | D:6      | Bought 2 potions of heal wounds for 140 gold pieces
  5750 | D:6      | Bought a potion of haste for 140 gold pieces
  6008 | D:7      | Reached XP level 9. HP: 46/61 MP: 9/9
  6014 | D:7      | Reached skill level 8 in Long Blades
  6042 | D:7      | Found a staircase to the Ecumenical Temple.
  6061 | Temple   | Entered the Ecumenical Temple
  6347 | D:7      | Slain by an unseen horror

Levels and vault maps discovered:
D:1:      scummos_arrival_star, layout_basic, nemelex_diamond_rough_becter
D:2:      layout_rooms, minmay_pentomino_w2, uniq_jessica, uniq_robin
D:3:      layout_rooms, serial_undead, serial_undead_d, serial_undead_b,
          serial_undead_a, serial_undead_a, feat_on_display
D:4:      layout_layer_cave, overflow_temple_1_default, first_ration,
          serial_rivers, chequers_serial_rivers_large_a,
          chequers_serial_rivers_small_3, chequers_serial_rivers_micro_d,
          chequers_serial_rivers_micro_c, kennysheep_windowed_goal
D:5:      layout_cave_pools, grunt_temple_overflow_opulence,
          nicolae_overflow_crystal_walls, gammafunk_temple_overflow_elements
D:6:      layout_basic, serial_shops, shop
D:7:      layout_cave_pools, makhleb_blood_cavern_becter, kennysheep_little_box,
          minmay_temple_entry_butterflies, serial_column_ruins,
          column_ruins_square_huge, column_ruins_square_small,
          column_ruins_columns_corner, column_ruins_corridor_straight,
          column_ruins_columns_straight, column_ruins_open_medium,
          column_ruins_open_small, column_ruins_corridor_straight,
          grunt_ogre_cave, st_stairs_1, minivault_11
Temple:   dpeg_chambers_temple

Skill      XL: |  1  2  3  4  5  6  7  8  9 |
---------------+----------------------------+-----
Shields        | 1 2 3 4 |  4.0
Long Blades    | 4 5 6 7 8 |  8.3
Dodging        | 4 5 6 |  6.2
Fighting       | 4 5 6 |  6.2

Action                   |  1- 3 |  4- 6 |  7- 9 || total
-------------------------+-------+-------+-------++-------
Melee: Falchion          |    31 |    94 |   183 ||   308
       Constrict         |    11 |    34 |    39 ||    84
       Tentacles         |     8 |    39 |    43 ||    90
 Fire: Hunting sling     |    23 |    35 |       ||    58
Invok: Berserk           |       |     5 |     4 ||     9
       Trog's Hand       |       |       |     1 ||     1
       Brothers in Arms  |       |       |     1 ||     1
  Use: Scroll            |       |       |     8 ||     8
       Potion            |       |       |     1 ||     1
 Stab: Sleeping          |     4 |     4 |     3 ||    11
  Eat: Chunk             |       |    11 |     8 ||    19
       Ration            |       |       |     2 ||     2
Armor: Skin              |     2 |    13 |     6 ||    21
Dodge: Dodged            |    30 |    80 |   139 ||   249
Block: Buckler           |       |    17 |    43 ||    60
       Rpst.: Falchion   |    13 |    24 |    34 ||    71

Table legend:
 A = Non-vault XP
 B = Vault XP
 C = Vault XP percentage of total XP
 D = Non-vault monster count
 E = Vault monster count
 F = Vault count percentage of total count
                 A         B        C        D         E       F
            +---------+---------+-------+---------+---------+-------
      Total |    2681 |     120 |   4.3 |     137 |      17 |  11.0
            +---------+---------+-------+---------+---------+-------
        D:1 |      32 |       0 |   0.0 |      21 |       0 |   0.0
        D:2 |      84 |      72 |  46.2 |      19 |      13 |  40.6
        D:3 |     251 |      46 |  15.5 |      28 |       3 |   9.7
        D:4 |     221 |       0 |   0.0 |      13 |       0 |   0.0
        D:5 |     774 |       0 |   0.0 |      24 |       0 |   0.0
        D:6 |     857 |       0 |   0.0 |      15 |       0 |   0.0
        D:7 |     462 |       2 |   0.4 |      17 |       1 |   5.6
            +---------+---------+-------+---------+---------+-------
